Mourne, chaotic male human Priest ------ ------- |.[[[| |......# --------- ##-.[.[| |.....|# |.......| # ------ ###.......### |.......| ### |.....| # #........| # ## |......#########-----.--- ### # -|--.-- # # # #### ### # ### # ### - ---- ----- # ### # ### # |..... ....| ### # ### # # |.{........-######@@d##################`##### ## # |..... .>..|# # -.--.--- ### -.---.-# ------ -----# ###|...<..| # |.....|# ###### #.....|.| ##-......# |......| |.....| -------- ------- # # Mourne the Acolyte Experience level: 3 Strength: 11 Dexterity: 12 Constitution: 14 Intelligence: 12 Wisdom: 18 Charisma: 9 Health: 0(31) Energy: 24(24) Def: 4 Gold: 238 Moves: 1364 Dungeon seed: xi3b6bvYzys6xxTb Game ID: Mourne_1520731254 Your Inventory: Coins $ - 238 gold pieces Weapons a - a blessed +2 mace (weapon in hand) q - 10 uncursed +0 shuriken (in quiver) Armor e - an uncursed +0 robe (being worn) n - a blessed +0 small shield (being worn) r - an uncursed +0 magical pair of leather gloves (being worn) Comestibles c - an uncursed clove of garlic d - 2 uncursed sprigs of wolfsbane Scrolls m - an uncursed scroll of genocide Spellbooks f - a blessed spellbook of create monster g - a blessed spellbook of protection Potions b - 4 potions of holy water i - an uncursed potion of blindness j - an uncursed potion of extra healing o - a blessed potion of monster detection Wands l - an uncursed wand of light (0:13) Tools h - an uncursed oil lamp (0:1053) Spells and supernatural/magical abilities: Name Level Category Fail Memory W - pray for help -- divine ? -- X - turn undead -- divine ? -- Your skills at the end: Fighting Skills wands [Basic] Weapon Skills mace [Basic] Spellcasting Skills clerical spells [Basic] Final Attributes: You were clairvoyant. You last prayed 10 turns ago. You are dead. Vanquished creatures: a shrieker a kitten a hobbit a giant rat a cave spider a gnome a gecko 3 jackals 3 foxes a goblin 2 sewer rats 2 bats 2 newts 20 creatures vanquished. Voluntary challenges: You used a wielded weapon 24 times, starting on turn 20. You read items or engraved 3 times, starting on turn 552. You never genocided any monsters. You never polymorphed an object. You never changed form. You used no wishes. You never split a pudding. You never wrote Elbereth's name. You never violated your personal moral code. Dungeon overview: The Dungeons of Doom: levels 1 to 5 Level 1 a long staircase Level 2 a fountain, a sink stairs to The Gnomish Mines Level 3 Level 4 some fountains, a vault Level 5 <- You were here an armor shop, a fountain The Gnomish Mines: Level 3 stairs to The Dungeons of Doom History has recorded: On T:1 you entered the Dungeons of Doom to retrieve the Amulet of Yendor! On T:267 you reached level 2 of The Dungeons of Doom. On T:414 you reached level 1 of The Gnomish Mines. On T:658 you reached level 3 of The Dungeons of Doom. On T:810 you advanced to experience level 2. On T:843 you reached level 4 of The Dungeons of Doom. On T:935 you advanced to experience level 3. On T:1157 you reached level 5 of The Dungeons of Doom. Score breakdown: Gold: 238 ( 8090 points) Experience: 3 levels ( 7878 points) Exploration: 5 levels ( 10.42%) ( 8751 points) Discoveries: 3 items ( 1.00%) ( 3000 points) Valuables value: (no points given unless you survive) Artifact value: 0 ( 0 points) Variety of kills: 13 monsters ( 3.42%) ( 5548 points) Turncount: 1364 turns ( 0 points) Survival: died (score multiplied by 80%) Total score: 26613 Latest messages: The werejackal changes into a human. You miss the werejackal. The werejackal hits! You miss the werejackal. The werejackal hits! You hit the werejackal! The werejackal hits! You miss the jackal. The jackal bites! The werejackal changes into a jackal. The werejackal hits! You write in the dust with your fingers. The jackal bites! The werejackal bites! The werejackal changes into a human. Something is written here in the dust. You read: "Elberzth". You see no objects here. You add to the writing in the dust with your fingers. The jackal just misses! The werejackal hits! You die... Final status: Goodbye Mourne the Priest, killed by a werejackal... You died in The Dungeons of Doom on dungeon level 5 with 26613 points, and 238 pieces of gold, after 1364 moves. You were level 3 with a maximum of 31 hit points when you died.